 Dungeon Crawl Stone Soup version 0.16-a0-4092-gb8933cd (webtiles) character file.

1008 achirane the Arsonist (level 8, 45/57 HPs)
             Began as a Hill Orc Fire Elementalist on Feb 24, 2015.
             Was a Believer of Beogh.
             Starved to death
             ... on level 5 of the Dungeon.
             The game lasted 01:39:58 (9199 turns).

achirane the Arsonist (Hill Orc Fire Elementalist)  Turns: 9199, Time: 01:39:58

Health: 45/57      AC:  6    Str: 11    XL:     8   Next: 20%
Magic:  11/11      EV: 12    Int: 17    God:    Beogh [**....]
Gold:   303        SH:  0    Dex: 11    Spells: 3 memorised, 2 levels left

rFire  . . .     SeeInvis .     m - +0 war axe
rCold  . . .     Clarity  .     a - +0 robe
rNeg   . . .     SustAb   .     (no shield)
rPois  .         Gourm    .     (no helmet)
rElec  .         Spirit   .     F - +0 cloak
rCorr  .         Warding  .     (no gloves)
rMut   .         Stasis   .     e - +2 pair of boots {Fly}
MR     .....                    t - amulet of inaccuracy (curse)
Stlth  ++........               (no ring)
                                (no ring)

@: flying, starving, not resistant to hostile enchantments, unstealthy
A: no striking features
a: Smiting, Renounce Religion, Stop Flying


You were on level 5 of the Dungeon.
You worshipped Beogh.
Beogh was pleased with you.
You were starving.

You visited 1 branch of the dungeon, and saw 5 of its levels.

You collected 303 gold pieces.

Inventory:

Hand weapons
 k - a +0 hand axe
 m - a +0 war axe (weapon)
 s - a +1 dagger of freezing
 I - a +0 hunting sling
Missiles
 p - 60 stones
 w - 2 silver tomahawks
 x - 3 tomahawks
 z - 15 poisoned needles
 A - 52 sling bullets
 M - 13 sling bullets of frost
 O - 5 javelins (quivered)
Armour
 a - a +0 robe (worn)
 e - a +2 pair of boots of flying (worn)
 F - a +0 cloak (worn)
 J - a +2 pair of gloves
 K - a +0 large shield
 L - a +0 robe of cold resistance
Jewellery
 t - a cursed amulet of inaccuracy (around neck)
Magical devices
 h - a wand of digging (8)
 D - a wand of teleportation (4)
Scrolls
 g - a scroll of fog {unknown}
 i - a scroll of noise {unknown}
 j - a scroll of magic mapping {unknown}
 v - 4 scrolls of remove curse
 y - 3 scrolls of teleportation
 B - a scroll of fear {unknown}
 C - a scroll of enchant weapon {unknown}
 G - a scroll of identify
Potions
 l - a potion of haste {unknown}
 o - a potion of poison {unknown}
 u - a potion of invisibility {unknown}
 H - 2 potions of brilliance {unknown}
Books
 b - a book of Flames

   Spells                             Type                      Level
   a - Flame Tongue                   Conjuration/Fire             1
   b - Throw Flame                    Conjuration/Fire             2
   c - Conjure Flame                  Conjuration/Fire             3
   d - Inner Flame                    Hexes/Fire                   3
   e - Sticky Flame                   Conjuration/Fire             4
   f - Fireball                       Conjuration/Fire             5
 f - a book of Summonings

   Spells                             Type                      Level
   a - Abjuration                     Summoning                    3
   b - Recall                         Summoning/Translocation      3
   c - Shadow Creatures               Summoning                    5
   d - Summon Demon                   Summoning                    5
   e - Summon Forest                  Summoning/Translocation      5
   f - Monstrous Menagerie            Summoning                    6
Comestibles
 c - 4 meat rations
 d - a royal jelly
 n - 3 fruits
 r - 5 bread rations
 E - a beef jerky


   Skills:
 + Level 3.2 Axes
 - Level 1.0 Slings
 - Level 1.5 Dodging
 - Level 1.5 Stealth
 - Level 1.5 Spellcasting
 - Level 1.0 Conjurations
 + Level 10.0 Fire Magic


You had 2 spell levels left.
You knew the following spells:

 Your Spells              Type           Power        Failure   Level  Hunger
a - Flame Tongue          Conj/Fire      ###..        2%          1    ##.....
b - Conjure Flame         Conj/Fire      ###.....     10%         3    ####...
c - Sticky Flame          Conj/Fire      ###.....     24%         4    #####..


Dungeon Overview and Level Annotations

Branches:
Dungeon (5/15)             Temple (0/1) D:4

Altars:
Nemelex Xobeh
Vehumet
Yredelemnul

Shops:
D:5 :

Annotations:
D:5 Spolavi's ghost, experienced DECj


Message History

You miss the crimson imp. The crimson imp barely misses you.
You miss the crimson imp.
The crimson imp blinks!
The crimson imp blinks!
The crimson imp blinks!
The crimson imp blinks!
The crimson imp blinks!
The crimson imp blinks!
The crimson imp blinks!
You closely miss the crimson imp. The crimson imp misses you.
The crimson imp closely misses you.
You miss the crimson imp.
The crimson imp hits you but does no damage.
You miss the crimson imp. The crimson imp closely misses you.
You closely miss the crimson imp.
The crimson imp hits you but does no damage. x2
You completely miss the crimson imp. The crimson imp misses you.
You closely miss the crimson imp.
The crimson imp hits you but does no damage.
You have starved to death.
You die...

##.## #.# # ##.## #.# ##
##.## #.# ####.
##.###.## ##....
#..##..# #.###. ####
##..##..## ##.# ## #..#
#..####..###..#### #..#
#.## #....#...... #..#
#@# ##...###.... #.##
#5# ##.## ###.. ##5# #.#
#.# ##. #..## ##.# #.#
#. #...###..# #.# #.
#....#...# ##.## ##.
##...5..## ###...#####..
###..#######......##....
#..##............####.


You could see a crimson imp.

Vanquished Creatures
  An ice beast (D:5)
  Blork the orc (D:5)
  2 giant frogs (D:5)
  6 orc priests (D:4)
  7 orc wizards
  2 hounds
  A worker ant (D:4)
  2 gnolls (D:4)
  8 adders
  2 giant mites
  A shadow imp (D:5)
  3 worms (D:4)
  An adder skeleton (D:4)
  4 giant geckos
  22 orcs
  4 ball pythons
  5 giant cockroaches
  21 goblins
  24 hobgoblins
  3 quokkas
  4 bats
  4 giant newts
  A giant spore (D:4)
  16 kobolds
  2 quokka skeletons (D:4)
  11 rats
  5 ballistomycetes (D:4)
163 creatures vanquished.

Vanquished Creatures (others)
  An orc priest (D:4)
  A giant mite (D:4)
  2 orcs (D:4)
  A quokka (D:4)
  A giant spore (D:4)
  A rat (D:4)
7 creatures vanquished.

Grand Total: 170 creatures vanquished

Notes
Turn   | Place    | Note
--------------------------------------------------------------
     0 | D:1      | achirane, the Hill Orc Fire Elementalist, began the quest for the Orb.
     0 | D:1      | Reached XP level 1. HP: 14/14 MP: 2/2
   463 | D:1      | Reached XP level 2. HP: 20/20 MP: 0/3
   570 | D:1      | Reached skill level 4 in Fire Magic
  1325 | D:2      | Found a radiant altar of Vehumet.
  1339 | D:2      | Reached XP level 3. HP: 26/26 MP: 3/5
  1738 | D:2      | Reached skill level 5 in Fire Magic
  1844 | D:2      | Reached XP level 4. HP: 20/33 MP: 0/6
  2640 | D:3      | Learned a level 3 spell: Conjure Flame
  2717 | D:3      | Reached skill level 6 in Fire Magic
  2777 | D:3      | Reached XP level 5. HP: 36/38 MP: 2/7
  3920 | D:4      | Became a worshipper of Beogh the Brigand
  4222 | D:4      | Reached skill level 7 in Fire Magic
  4561 | D:4      | Reached XP level 6. HP: 45/45 MP: 6/9
  4582 | D:4      | Found a basalt altar of Yredelemnul.
  4617 | D:4      | Learned a level 4 spell: Sticky Flame
  4772 | D:4      | Found a sparkling altar of Nemelex Xobeh.
  5371 | D:4      | Reached skill level 8 in Fire Magic
  5435 | D:4      | Acquired Beogh's first power
  5572 | D:4      | Reached XP level 7. HP: 35/50 MP: 4/10
  6308 | D:4      | Acquired Beogh's second power
  6378 | D:4      | Reached skill level 1 in Axes
  6487 | D:4      | Found a staircase to the Ecumenical Temple.
  6575 | D:4      | Reached skill level 9 in Fire Magic
  6976 | D:5      | Entered Level 5 of the Dungeon
  7304 | D:5      | Noticed Spolavi's ghost (experienced DECj)
  7659 | D:5      | Noticed Blork the orc
  7667 | D:5      | Killed Blork the orc
  7667 | D:5      | Reached XP level 8. HP: 46/57 MP: 2/11
  7820 | D:5      | Found Taqoagem's Book Emporium.
  7936 | D:5      | Reached skill level 1 in Slings
  8063 | D:5      | Reached skill level 10 in Fire Magic
  9199 | D:5      | Starved to death

Action                   |  1- 3 |  4- 6 |  7- 9 || total
-------------------------+-------+-------+-------++-------
Melee: Short sword       |    27 |       |       ||    27
       Dagger            |       |    18 |       ||    18
       War axe           |       |    55 |   341 ||   396
       Hand axe          |       |       |    13 ||    13
 Fire: Hunting sling     |       |       |    19 ||    19
Throw: Stone             |     5 |    70 |     2 ||    77
       Tomahawk          |       |    25 |     6 ||    31
       Javelin           |       |       |     2 ||     2
 Cast: Flame Tongue      |    56 |   150 |    71 ||   277
       Conjure Flame     |       |     6 |     3 ||     9
       Sticky Flame      |       |     3 |    11 ||    14
Invok: Convert to Beogh  |       |     1 |       ||     1
  Use: Scroll            |       |     5 |     1 ||     6
       Potion            |       |     3 |     1 ||     4
 Stab: Sleeping          |     1 |       |     1 ||     2
  Eat: Chunk             |     4 |    16 |    11 ||    31
       Fruit             |       |     1 |     7 ||     8
